Map: [ESL] Solaris

Players

Creator

  • Race: Protoss Protoss
  • Spawn Location: 7:00

GuMiho - Winner!

  • Race: Terran Terran
  • Spawn Location: 1:00

Event: ESL SC2 Masters 2023 Winter (Finals)

VOD

Have the link to the VOD?

Description

Time

  • Played on: Dec. 16, 2023, 12:22 p.m.
  • Length: 12:51

All games in this series

Show
View Real Time Build Order
Export as new Build Order

Creator Protoss 

Build Orders: 1 Gate Expand, Blink Stalkers 

Get SALT Encoding   

  12  0:00  Probe  
  13  0:12  Probe  
  14  0:18  Pylon  
  14  0:24  Probe (Chrono Boost)  
  15  0:36  Gateway  
  15  0:37  Probe (Chrono Boost)  
  16  0:44  Probe (Chrono Boost)  
  16  0:45  Assimilator  
  17  0:51  Probe  
  18  1:03  Probe  
  19  1:15  Probe  
  20  1:23  Cybernetics Core  
  20  1:30  Nexus  
  20  1:37  Pylon  
  20  1:40  Probe  
  20  1:46  Assimilator  
  21  1:52  Probe  
  22  1:56  Adept (Chrono Boost)  
  22  2:00  Warp Gate  
  24  2:04  Probe  
  25  2:16  Stalker (Chrono Boost)  
  25  2:17  Probe  
  28  2:26  Twilight Council  
  28  2:29  Probe  
  29  2:41  Probe  
  29  2:42  Probe  
  33  2:53  Probe  
  33  2:55  Robotics Facility, Probe  
  33  3:00  Shield Battery  
  33  3:04  Stalker (Chrono Boost)  
  33  3:05  Probe  
  32  3:07  Probe  
  35  3:14  Blink (Chrono Boost)  
  35  3:16  Gateway  
  35  3:20  Probe  
  35  3:25  Probe  
  37  3:33  Gateway  
  37  3:34  Probe  
  37  3:39  Probe  
  39  3:42  Observer  
  39  3:45  Gateway  
  39  3:46  Probe  
  41  3:49  Shield Battery  
  41  3:53  Stalker  
  41  3:55  Probe  
  44  4:03  Warp Prism  
  46  4:12  Pylon  
  46  4:19  Pylon  
  46  4:22  Pylon  
  46  4:23  Assimilator  
  46  4:24  Observer  
  46  4:30  Probe x2  
  46  4:31  Stalker x2  
  50  4:32  Stalker  
  54  4:41  Stalker  
  54  4:42  Probe  
  54  4:43  Probe  
  54  4:45  Observer  
  58  4:57  Stalker x2  
  58  4:58  Stalker  
  58  4:59  Probe  
  65  5:00  Pylon  
  65  5:13  Stalker  
  67  5:14  Nexus  
  67  5:18  Pylon  
  67  5:24  Observer, Probe x2  
  69  5:29  Stalker x2  
  73  5:36  Pylon, Probe x2  
  73  5:40  Stalker  
  77  5:44  Stalker  
  79  5:52  Pylon  
  78  6:10  Probe x2  
  76  6:16  Charge  
  74  6:23  Probe x2  
  74  6:25  Stalker x4  
  70  6:28  Gateway  
  70  6:30  Observer (Chrono Boost), Gateway  
  70  6:31  Probe (Chrono Boost)  
  70  6:32  Gateway  
  74  6:40  Shield Battery, Probe (Chrono Boost)  
  74  6:41  Probe (Chrono Boost)  
  74  6:43  Probe (Chrono Boost)  
  74  6:47  Gateway  
  75  6:49  Probe x2 (Chrono Boost)  
  75  6:50  Probe (Chrono Boost)  
  75  6:51  Immortal (Chrono Boost)  
  82  6:58  Sentry, Zealot  
  82  6:59  Probe  
  87  7:02  Zealot x2  
  87  7:04  Pylon  
  91  7:09  Shield Battery  
  91  7:12  Shield Battery  
  91  7:22  Stalker x2  
  95  7:29  Stalker  
  89  7:30  Zealot x2, Stalker  
  89  7:36  Probe x3  
  98  7:38  Immortal  
  100  7:47  Zealot x2  
  100  7:48  Zealot x2  
  108  7:51  Robotics Bay  
  108  7:52  Forge  
  108  7:56  Probe  
  108  7:57  Probe x2  
  111  8:02  Zealot, Stalker x2  
  116  8:08  Zealot  
  116  8:10  Pylon  
  118  8:14  Protoss Ground Weapons Level 1 (Chrono Boost)  
  118  8:16  Assimilator  
  118  8:17  Assimilator  
  118  8:24  Robotics Facility  
  118  8:28  Assimilator, Probe x3  
  121  8:35  Zealot x2  
  125  8:47  Pylon  
  125  8:48  Photon Cannon  
  125  8:49  Nexus  
  125  8:56  Pylon  
  125  8:57  Pylon  
  125  9:02  Pylon  
  125  9:04  Colossus (Chrono Boost)  
  125  9:05  Extended Thermal Lance, Probe x2  
  125  9:07  Pylon  
  133  9:13  Pylon  
  133  9:14  Probe  
  140  9:19  Sentry, Zealot  
  140  9:20  Colossus (Chrono Boost)  
  140  9:23  Pylon  
  144  9:27  Probe  
  144  9:28  Probe x2  
  147  9:34  Photon Cannon  
  147  9:35  Shield Battery  
  147  9:38  Templar Archives  
  145  9:41  Forge  
  145  9:43  Disruptor (Chrono Boost)  
  153  10:02  Stalker  
  153  10:04  Disruptor (Chrono Boost)  
  153  10:06  Zealot x4  
  163  10:08  Stalker  
  163  10:13  Sentry, Disruptor (Chrono Boost), Zealot  
  168  10:17  Pylon  
  170  10:22  Photon Cannon  
  170  10:33  Immortal (Chrono Boost)  
  174  10:40  Forge  
  174  10:41  Disruptor (Chrono Boost)  
  174  10:42  Gateway, Assimilator  
  166  10:43  Probe x3  
  166  10:44  Assimilator, Probe  
  166  10:47  Sentry, Zealot  
  174  10:55  Zealot, Stalker  
  178  11:07  Photon Cannon  
  176  11:17  High Templar x2, Zealot x5  
  182  11:19  Immortal  
  182  11:21  Archon  
  182  11:25  Immortal  
  166  11:39  Stalker x3  
  142  11:41  Zealot x2  
  142  11:42  Zealot x2  
  132  11:53  Zealot  
  132  11:54  Zealot  
  130  11:58  Observer (Chrono Boost)  
  113  12:07  Zealot x4  
  119  12:13  Stalker  
  119  12:14  Stalker x2  
Show
View Real Time Build Order
Export as new Build Order

GuMiho Terran - Winner!

Build Orders: Cyclone Opening 

Get SALT Encoding   

  12  0:00  SCV  
  13  0:12  SCV  
  14  0:17  Supply Depot  
  14  0:24  SCV  
  14  0:27  Refinery  
  15  0:38  SCV  
  16  0:44  Barracks  
  16  0:50  SCV  
  17  1:02  SCV  
  18  1:15  SCV  
  19  1:31  Orbital Command, Marine  
  20  1:35  Factory  
  20  1:45  Supply Depot  
  20  1:49  Reaper  
  21  1:56  SCV  
  22  2:08  SCV  
  22  2:14  Command Center  
  23  2:18  Cyclone  
  23  2:21  SCV  
  26  2:26  Refinery  
  26  2:30  Barracks Reactor  
  26  2:33  Supply Depot, SCV  
  27  2:45  SCV  
  27  2:50  Cyclone  
  30  2:57  SCV  
  30  3:08  Marine  
  30  3:09  Marine, SCV  
  30  3:10  Barracks  
  30  3:12  Barracks  
  33  3:21  SCV  
  33  3:22  Factory Tech Lab  
  33  3:26  Marine  
  35  3:27  Marine  
  35  3:33  SCV  
  37  3:38  Orbital Command  
  37  3:44  Marine  
  37  3:45  SCV, Marine  
  37  3:47  Siege Tank  
  43  3:53  Supply Depot  
  43  3:57  SCV  
  43  3:58  Barracks Tech Lab  
  43  3:59  Barracks Tech Lab  
  44  4:03  Marine  
  44  4:05  Marine  
  44  4:07  SCV  
  44  4:09  SCV  
  48  4:15  Supply Depot  
  48  4:20  Siege Tank  
  48  4:21  Stimpack  
  48  4:22  SCV  
  48  4:23  SCV  
  53  4:26  Marine  
  53  4:27  Marine  
  53  4:28  Marine  
  56  4:31  Marine  
  56  4:36  SCV  
  56  4:37  SCV  
  59  4:40  Combat Shield  
  59  4:43  Supply Depot  
  59  4:45  Refinery  
  59  4:47  Marine  
  59  4:48  Marine, SCV  
  59  4:49  Marine, SCV  
  59  4:52  Marine  
  65  4:56  Siege Tank  
  68  5:00  SCV  
  68  5:01  SCV  
  70  5:08  Marine, Marauder  
  70  5:09  Marine  
  70  5:10  Marauder  
  70  5:12  SCV  
  70  5:13  SCV  
  78  5:16  Supply Depot  
  78  5:28  SCV  
  78  5:38  Siege Tank, SCV  
  78  5:39  Supply Depot  
  78  5:40  SCV, Supply Depot  
  83  5:44  Starport  
  83  5:46  Engineering Bay  
  83  5:50  SCV  
  83  5:51  Marauder  
  83  5:56  SCV  
  85  6:00  Marauder  
  78  6:12  Marauder  
  78  6:17  Siege Tank  
  78  6:21  Marauder  
  78  6:23  Marine x2  
  78  6:26  SCV x2  
  80  6:34  Marauder  
  80  6:36  Terran Infantry Weapons Level 1  
  80  6:38  SCV x2  
  84  6:41  Marine  
  84  6:42  Refinery  
  84  6:43  Marauder  
  87  6:47  Medivac  
  87  6:50  SCV x2  
  87  6:53  Marine  
  90  6:55  Marauder  
  90  6:58  Marine  
  93  7:02  SCV x2  
  93  7:06  Supply Depot  
  93  7:07  Supply Depot  
  95  7:14  SCV x2  
  97  7:16  Command Center  
  94  7:26  SCV x2  
  94  7:28  Marauder x2  
  93  7:34  Starport Reactor  
  93  7:38  SCV x2  
  93  7:39  Barracks  
  93  7:41  Barracks  
  92  7:45  Marine x2  
  92  7:49  Marauder  
  92  7:50  SCV, Marauder  
  92  7:51  SCV  
  100  7:52  Supply Depot  
  100  7:53  Missile Turret  
  100  7:59  Missile Turret  
  100  8:03  Factory Reactor, SCV x2  
  100  8:04  Marine  
  103  8:10  Marine  
  103  8:11  Marauder x2  
  103  8:12  Concussive Shells  
  108  8:15  SCV x2  
  108  8:19  Armory  
  110  8:27  SCV  
  110  8:28  Medivac x2  
  110  8:30  SCV  
  110  8:31  Orbital Command  
  110  8:33  Terran Infantry Armor Level 1  
  116  8:35  Barracks Reactor  
  116  8:36  Marine, Marauder x2  
  116  8:37  Marine  
  116  8:39  SCV  
  123  8:42  SCV  
  123  8:47  Supply Depot  
  123  8:48  Supply Depot  
  123  8:49  Ghost Academy  
  123  8:53  Marine, Marauder  
  123  8:55  Marine  
  126  8:56  Marine  
  126  8:57  Marauder  
  126  9:02  Medivac  
  134  9:04  Medivac  
  134  9:06  Widow Mine x2  
  137  9:11  Marine  
  137  9:12  Sensor Tower  
  137  9:14  Marauder  
  137  9:15  Marauder  
  137  9:16  Marine x3  
  145  9:24  Refinery x2  
  145  9:25  Supply Depot  
  145  9:26  Supply Depot, SCV x2  
  145  9:27  Widow Mine  
  145  9:28  SCV  
  145  9:30  Marine x2  
  151  9:33  Widow Mine  
  151  9:37  Ghost  
  155  9:43  Medivac  
  156  9:46  Medivac  
  157  9:56  Missile Turret  
  157  10:02  Command Center  
  157  10:03  Ghost x2, Supply Depot x2  
  157  10:04  Engineering Bay  
  157  10:05  Ghost  
  157  10:07  Marine x3  
  163  10:08  Marine  
  163  10:24  Marine  
  163  10:25  Marine  
  165  10:30  Marine  
  165  10:33  Marauder x2  
  166  10:37  Marauder  
  166  10:42  Marine  
  168  10:43  Widow Mine x2  
  168  10:45  Viking x2  
  176  10:54  Marauder x2  
  180  10:58  Marine x4  
  180  11:00  Marine  
  170  11:17  Marauder, Marine x6  
  172  11:18  Widow Mine  
  172  11:19  Widow Mine  
  163  11:34  Marine  
  163  11:35  Marauder  
  163  11:39  Marauder x2  
  156  11:40  Viking x2, Marine x2  
  157  11:49  Marine  
  157  11:52  Marine  
  156  11:57  Marauder  
  156  11:58  Marine x2  
  156  12:01  Marauder x2  
  155  12:07  Marine  
  156  12:10  Viking x2  
  151  12:18  Marauder  
  151  12:22  Marauder x2  
  147  12:28  Marine x4  
Tags
 
Add a new tag
Caveats
  • Supply blocks, unpowered buildings, or Contaminate may cause inaccurate times.
  • Supply counts are checked every 10 seconds.